Map: Lost and Found LE

Players

Mackintac - Winner!

  • Race: Zerg Zerg
  • Spawn Location: 7:00

CalebAracous

  • Race: Zerg Zerg
  • Spawn Location: 1:00

Event: WCS Montreal 2018

VOD

Have the link to the VOD?

Description

Time

  • Played on: Sept. 7, 2018, 1:21 p.m.
  • Length: 3:35

All games in this series

Show
View Real Time Build Order
Export as new Build Order

Mackintac Zerg - Winner!

Build Orders: Pool Only 

Get SALT Encoding   

  12  0:18  Spawning Pool  
  11  0:21  Drone  
  11  0:26  Drone  
  13  0:30  Drone  
  14  0:36  Extractor  
  14  0:42  Overlord  
  13  1:05  Zergling x6  
  13  1:07  Queen  
  18  1:15  Zergling x2  
  19  1:26  Zergling x2  
  20  1:37  Zergling x2, Metabolic Boost  
  21  1:48  Overlord  
  21  1:58  Baneling Nest  
  21  2:00  Zergling x2  
  21  2:10  Zergling x2  
  22  2:19  Zergling x6  
  25  2:28  Zergling x2  
  26  2:44  Baneling x2  
  26  2:45  Baneling x2  
  26  2:47  Zergling x2  
  26  2:48  Zergling x2  
  26  2:49  Zergling x2  
  29  2:52  Zergling x2  
  30  3:01  Baneling  
  27  3:16  Zergling x6  
  27  3:19  Baneling  
Show
View Real Time Build Order
Export as new Build Order

CalebAracous Zerg 

Build Orders: Hatch First 

Get SALT Encoding   

  12  0:00  Drone  
  13  0:11  Overlord  
  13  0:17  Drone  
  14  0:31  Drone x2  
  16  0:48  Hatchery  
  15  0:51  Drone  
  15  0:55  Drone  
  17  0:58  Drone  
  18  1:05  Extractor  
  17  1:13  Spawning Pool  
  17  1:17  Drone  
  17  1:20  Drone  
  18  1:28  Drone  
  19  1:59  Queen  
  19  2:00  Zergling x2, Queen  
  19  2:01  Zergling x6  
  27  2:06  Spine Crawler  
  26  2:12  Zergling x2  
  26  2:29  Zergling x4  
  27  2:33  Overlord  
  27  2:51  Queen  
  26  3:12  Zergling x2  
  26  3:13  Zergling x6  
  26  3:16  Zergling x2  
Tags
 
Add a new tag
Caveats
  • Supply blocks, unpowered buildings, or Contaminate may cause inaccurate times.
  • Supply counts are checked every 10 seconds.